 Dungeon Crawl Stone Soup version 0.30.1 (webtiles) character file.

Game seed: 11068906709147096479

45 GeoRichter the Chopper (level 3, 0/49 HPs)
             Began as an Armataur Berserker on July 13, 2023.
             Was a Follower of Trog.
             Slain by an orc wizard
             ... wielding a +2 dagger of distortion
              (5 damage)
             ... on level 2 of the Dungeon.
             The game lasted 00:00:55 (831 turns).

GeoRichter the Chopper (Armataur Berserker)          Turns: 831, Time: 00:00:56

Health: 0/49       AC:  6    Str: 24    XL:     3   Next: 42%
Magic:  3/3        EV:  8    Int:  7    God:    Trog [*.....]
Gold:   28         SH:  0    Dex:  9    Spells: 2/2 levels left

rFire   . . .        a - +0 hand axe
rCold   . . .        (no shield)
rNeg    . . .        e - +0 scale mail
rPois   .            (no helmet)
rElec   .            (no cloak)
rCorr   .            (no gloves)
SInv    .            (no barding)
Will    .....        (no amulet) Stlth
                     (no ring)
HPRegen 0.28/turn    (no ring)
MPRegen 0.08/turn

%: roll
@: berserking, very quick
A: large, rugged brown scales 3, deformed body, armoured tail, roll, long
tongue, awkward tongue
a: Renounce Religion, Berserk


You were on level 2 of the Dungeon.
You worshipped Trog.
Trog was aware of your devotion.
You visited 1 branch of the dungeon, and saw 2 of its levels.

You collected 28 gold pieces.

Inventory:

Hand Weapons
 a - a +0 hand axe (weapon)
Armour
 b - a +0 animal skin
 e - a +0 scale mail (worn)
   (You found it on level 1 of the Dungeon)
Jewellery
 f - a +5 ring of evasion
   (You found it on level 1 of the Dungeon)
 h - an amulet of the acrobat
   (You found it on level 1 of the Dungeon)
Scrolls
 d - a scroll of vulnerability {unknown}
 g - a scroll of poison {unknown}
 i - 2 scrolls of amnesia {unknown}
 j - 2 scrolls of magic mapping {unknown}
Potions
 c - a potion of might {unknown}


   Skills:
 + Level 3.2 Fighting
 * Level 3.3 Axes
 - Level 2.4 Armour
 - Level 1.3 Dodging


You had 2 spell levels left.
You didn't know any spells.
Your spell library was empty.

Dungeon Overview and Level Annotations

Branches:
Dungeon (2/15) Zot: 11158

Altars:


Innate Abilities, Weirdness & Mutations

You are completely covered in rugged brown scales. (AC +3, +7% HP)
Armour fits poorly on your strangely shaped body.
You have a long armoured tail.
You roll when moving toward enemies. (Rampage)
Your long tongue fully drains potion bottles. (2x potion effects)
Your tongue gives you trouble enunciating. (1.5x scroll delay)


Message History

You kill the orc wizard!
Trog accepts your kill.
Trog appreciates your killing of a magic user.
You hit the orc. The orc hits you but does no damage.
Your Axes skill increases to level 3!
You have reached level 3!
Your experience leads to an increase in your attributes!
Increase (S)trength, (I)ntelligence, or (D)exterity?
You feel stronger. x2
You hit the orc.
The orc is almost dead.
The orc hits you with a +0 falchion.
You hit the orc but do no damage.
The orc is almost dead.
The orc closely misses you.
You closely miss the orc.
The orc is almost dead.
The orc hits you but does no damage.
You hit the orc but do no damage. You tail-slap the orc.
You kill the orc!
Trog accepts your kill.
You start resting.
HP restored.
You climb downwards.
The orc closely misses you. The orc hits you with a +0 war axe.
The orc wizard gestures wildly while chanting.
The orc wizard flickers and vanishes!
Deactivating autopickup; reactivate with Ctrl-A.
The orc closely misses you. The orc hits you with a +0 war axe.
There is a stone staircase leading up here.
You completely miss the orc. You barely miss the orc.
The orc hits you with a +0 club. The orc hits you but does no damage.
You hit the orc.
The orc is moderately wounded.
You hit the orc.
You kill the orc!
Trog accepts your kill. The orc hits you but does no damage.
You barely miss the orc.
The orc is lightly wounded.
You closely miss something. Something hits you but does no damage.
Space warps horribly around you!
Ouch! That really hurt!
* * * LOW HITPOINT WARNING * * *
The orc hits you but does no damage.
A red film seems to cover your vision as you go berserk!
You feel yourself moving faster!
You feel mighty! Something hits you.
You die...

.. .. #. ..
###. #.. # #)#
#####.#@#
......o>#
..........#
.............
.####.#.#.#.##
#.#...# ..
#.#...# ##
#.#.. . #....


You could see an orc.

Vanquished Creatures
  An orc wizard (D:1)
  A dart slug (D:1)
  2 orcs
  2 bats
  An endoplasm (D:2)
  A giant cockroach (D:1)
  2 goblins (D:1)
  A hobgoblin (D:1)
  3 quokkas (D:1)
  A kobold (D:2)
15 creatures vanquished.

Notes
Turn   | Place    | Note
-------+----------+-------------------------------------------
     0 | D:1      | GeoRichter the Armataur Berserker began the quest for the
                  | Orb.
     0 | D:1      | Reached XP level 1. HP: 19/19 MP: 1/1
   251 | D:1      | Reached XP level 2. HP: 26/26 MP: 2/2
   765 | D:1      | Reached XP level 3. HP: 20/33 MP: 3/3
   831 | D:2      | Slain by an orc wizard

Illustrated notes

Levels and vault maps discovered:
D:1:      psy_arrival_basics, layout_loops_ring, grunt_decor_fettered
D:2:      layout_basic, ebering_ecumenical_altar_webs, minmay_heptomino_o4

Skill      XL: |  1  2 |
---------------+-------+-----
Fighting       | 3 |  3.2
Axes           | 3 |  3.3
Armour         | |  2.4
Dodging        | |  1.3

Action                     || total
---------------------------++-------
  Melee: Hand axe          ||    54
         Tailslap          ||     7
 Invoke: Berserk           ||     1
 Armour: Scale mail        ||    18
         Animal skin       ||     5
         Skin              ||     3
  Dodge: Dodged            ||    29
